 Dungeon Crawl Stone Soup version 0.27.1-1-g398f81649c (webtiles) character file.

Game seed: 5803511384468540595

1541 BOMJPIETVODKU the Cleaver (level 8, -8/76 HPs)
             Began as a Deep Dwarf Fighter on Sept 5, 2021.
             Was an Initiate of Makhleb.
             Killed from afar by Maggie (21 damage)
             ... with a bolt of fire
             ... on level 6 of the Dungeon.
             The game lasted 00:13:10 (3669 turns).

BOMJPIETVODKU the Cleaver (Deep Dwarf Fighter)      Turns: 3669, Time: 00:13:11

Health: -8/76      AC: 17    Str: 21    XL:     8   Next: 56%
Magic:  6/6        EV:  6    Int: 10    God:    Makhleb [......]
Gold:   251        SH: 10    Dex: 12    Spells: 7/7 levels left

rFire    . . .     SeeInvis .   a - +1 war axe
rCold    . . .     Faith    .   c - +0 kite shield
rNeg     . . .     Spirit   .   p - +0 chain mail
rPois    .         Reflect  .   g - +0 helmet
rElec    .         Harm     .   (no cloak)
rCorr    .         Rampage  .   x - +1 pair of gloves
Will     +....                  (no boots)
Stlth    ..........             (no amulet)
HPRegen  0.00/turn              q - +4 ring of protection
MPRegen  0.10/turn              (no ring)

@: very slightly contaminated, invisible
A: damage resistance, heal wounds, sense surroundings 1, no regeneration
a: Heal Wounds, Renounce Religion


You were on level 6 of the Dungeon.
You worshipped Makhleb.
Makhleb was noncommittal.
You visited 2 branches of the dungeon, and saw 7 of its levels.

You collected 251 gold pieces.

Inventory:

Hand Weapons
 a - a +1 war axe (weapon)
 h - a +2 flail of holy wrath
Missiles
 v - 34 poisoned darts
Armour
 b - a +0 scale mail
 c - a +0 kite shield (worn)
 g - a +0 helmet (worn)
 p - a +0 chain mail (worn)
 x - a +1 pair of gloves (worn)
Jewellery
 n - an amulet of faith
 q - a +4 ring of protection (left hand)
Wands
 t - a wand of digging (5)
 y - a wand of polymorph (8)
Scrolls
 d - 2 scrolls of magic mapping {unknown}
 e - 5 scrolls of vulnerability
 f - 2 scrolls of amnesia
 k - a scroll of teleportation
 m - a scroll of fog
 u - a scroll of enchant armour
 z - 2 scrolls of enchant weapon
Potions
 i - a potion of magic {unknown}
 j - a potion of degeneration {unknown}
 l - 7 potions of curing
 o - 2 potions of invisibility
 r - 2 potions of brilliance
 s - 2 potions of lignification {unknown}
 w - a potion of ambrosia {unknown}


   Skills:
 * Level 5.6 Fighting
 + Level 9.1 Axes
 - Level 4.8 Armour
 - Level 0.5 Dodging
 - Level 4.6 Shields


You had 7 spell levels left.
You didn't know any spells.
Your spell library contained the following spells:

 Spells                   Type           Power      Damage    Failure   Level
 Corpse Rot               Necr/Air       N/A        N/A       100%        2
 Dispel Undead            Necr           0%         3d6       100%        4
 Death Channel            Necr           0%         N/A       100%        6


Dungeon Overview and Level Annotations

Branches:
Dungeon (6/15)             Temple (1/1) D:5

Altars:
Dithmenos
Elyvilon
Fedhas
Gozag
Hepliaklqana
Makhleb
Nemelex Xobeh
Okawaru
Ru
Sif Muna
Trog
Uskayaw
Vehumet
Wu Jian
Xom
Yredelemnul
Zin
The Shining One

Annotations:
D:6 Maggie


Innate Abilities, Weirdness & Mutations

You are resistant to damage.
You can heal yourself by infusing magical energy.
You passively map a small area around you.
You do not regenerate.


Message History

You see here a hound corpse.
Found a sapphire potion.
Found a scroll of vulnerability.
There is a stone staircase leading down here.
w - a sapphire potion
e - 5 scrolls of vulnerability (gained 1) Done exploring.
Done exploring.
Done exploring.
(D) Dungeon (T) Temple
Where to? (Enter - D:5, ? - help)
There is a stone staircase leading down here.
You climb downwards.
Maggie shouts!
There is a stone staircase leading up here.
Maggie is nearby!
Maggie casts a spell.
Maggie attempts to bespell you! You resist.
You fade into invisibility!
You are very lightly contaminated with residual magic.
You barely miss Maggie. Maggie barely misses you. Maggie casts a spell at you.
The bolt of fire hits you.
You barely miss Maggie.
Maggie points at you and mumbles some strange words.
The bolt of fire hits you!
* * * LOW HITPOINT WARNING * * *
Maggie gestures at something while chanting.
You slash Maggie!
Maggie is lightly wounded.
Maggie points at you and mumbles some strange words.
The bolt of fire misses you.
You slash Maggie!
Maggie is moderately wounded.
Maggie closely misses you. You block Maggie's attack.
You slash Maggie!
Maggie is heavily wounded.
Maggie points at you and mumbles some strange words.
The bolt of fire hits you!!
You die...

, ,,,, ##. , *
* , ,, .. . , *
, .# .. *
########.##...
#.............
#.............
#.....@......#
#.....@......#
#............#
#............#
#<...........#
#............#
#............#
#............#
*########.#####
,, , , ,.#


You could see Maggie.

Vanquished Creatures
  A gargoyle (D:5)
  Grinder (D:3)
  A wraith (D:5)
  Menkaure (D:5)
  Edmund (D:4)
  A scorpion (D:5)
  A water moccasin zombie (D:5)
  3 hounds (D:5)
  3 jellies (D:5)
  Crazy Yiuf (D:5)
  Jessica (D:3)
  2 iguanas
  2 bullfrog skeletons
  2 orc wizards
  A hound zombie (D:5)
  A howler monkey zombie (D:3)
  4 gnolls
  4 adders
  A white imp (D:5)
  A worm (D:2)
  3 dart slugs
  21 orcs
  4 ball pythons
  3 bats
  4 endoplasms
  5 giant cockroaches
  9 goblins
  9 hobgoblins
  2 jackals (D:2)
  3 kobolds
  2 quokkas
  3 frilled lizards (D:3)
  6 rats
107 creatures vanquished.

Notes
Turn   | Place    | Note
-------+----------+-------------------------------------------
     0 | D:1      | BOMJPIETVODKU the Deep Dwarf Fighter began the quest for
                  | the Orb.
     0 | D:1      | Reached XP level 1. HP: 20/20 MP: 1/1
   183 | D:1      | Reached XP level 2. HP: 21/27 MP: 2/2
   708 | D:1      | Reached XP level 3. HP: 19/33 MP: 3/3
   943 | D:2      | Reached skill level 3 in Axes
  1011 | D:2      | Found a shimmering blue altar of Sif Muna.
  1627 | D:3      | Reached XP level 4. HP: 29/42 MP: 4/4
  1798 | D:3      | Noticed Grinder
  1812 | D:3      | Paralysed by Grinder for 4 turns
  1819 | D:3      | Paralysed by Grinder for 2 turns
  1824 | D:3      | Killed Grinder
  1825 | D:3      | Reached skill level 4 in Axes
  1825 | D:3      | Reached XP level 5. HP: 17/49 MP: 5/5
  1825 | D:3      | Reached XP level 6. HP: 20/56 MP: 6/6
  2079 | D:3      | Noticed Jessica
  2081 | D:3      | Found a faded altar of an unknown god.
  2087 | D:3      | Killed Jessica
  2088 | D:3      | Reached skill level 5 in Axes
  2602 | D:4      | Noticed Edmund
  2634 | D:4      | Killed Edmund
  2635 | D:4      | Reached XP level 7. HP: 15/53 MP: 5/5
  2763 | D:4      | Reached skill level 6 in Axes
  2826 | D:5      | Entered Level 5 of the Dungeon
  2874 | D:5      | Found a staircase to the Ecumenical Temple.
  2884 | Temple   | Entered the Ecumenical Temple
  2896 | Temple   | Became a worshipper of Makhleb the Destroyer
  3243 | D:5      | Noticed Menkaure
  3255 | D:5      | Killed Menkaure
  3256 | D:5      | Reached skill level 7 in Axes
  3384 | D:5      | Found a runed translucent door.
  3385 | D:5      | Noticed Crazy Yiuf
  3391 | D:5      | Killed Crazy Yiuf
  3484 | D:5      | Noticed a wraith
  3522 | D:5      | Killed a wraith
  3523 | D:5      | Reached skill level 5 in Fighting
  3523 | D:5      | Reached skill level 8 in Axes
  3523 | D:5      | Reached XP level 8. HP: 13/74 MP: 6/6
  3550 | D:5      | Noticed a gargoyle
  3570 | D:5      | Killed a gargoyle
  3574 | D:5      | Reached skill level 9 in Axes
  3658 | D:6      | Noticed Maggie
  3669 | D:6      | Killed from afar by Maggie

Illustrated notes

Levels and vault maps discovered:
D:1:      dpeg_arrival_three_bigger_balls, layout_loops_corners,
          corexii_leaking_fountain, minmay_pentomino_o2
D:2:      layout_basic, basic_altar
D:3:      layout_loops_ring, shapermc_ecumenical_altar_totnotflames,
          uniq_jessica, uniq_grinder
D:4:      layout_gridville, minmay_cut_off, uniq_edmund
D:5:      minmay_chambers_of_threes, layout_basic,
          minmay_temple_entry_junction_2, dk_vineyard_3,
          uniq_crazy_yiuf_cottage, uniq_menkaure
D:6:      layout_basic, uniq_duvessa, uniq_maggie
Temple:   dpeg_three_leaves_temple

Skill      XL: |  1  2  3  4  5  6  7  8 |
---------------+-------------------------+-----
Axes           | 3 4 5 8 9 |  9.1
Fighting       | 3 5 |  5.6
Shields        | 4 |  4.6
Armour         | 4 |  4.8
Dodging        | |  0.5

Action                   |  1- 3 |  4- 6 |  7- 9 || total
-------------------------+-------+-------+-------++-------
Melee: War axe           |   128 |   135 |   137 ||   400
 Abil: Heal Wounds       |     1 |     4 |     5 ||    10
  Use: Potion            |       |     2 |     3 ||     5
       Scroll            |       |       |    13 ||    13
 Stab: Invisible         |       |       |     3 ||     3
Armor: Scale mail        |    54 |    12 |       ||    66
       Chain mail        |       |    72 |    78 ||   150
Dodge: Dodged            |    37 |    21 |    48 ||   106
Block: Kite shield       |    68 |    86 |    81 ||   235
